 Dungeon Crawl Stone Soup version 0.29-a0-297-g7659ce593d (webtiles) character file.

Game seed: 5081277540869029071

2732 kae the Arsonist (level 9, -3/54 HPs)
             Began as a Tengu Fire Elementalist on Mar 20, 2022.
             Was an Initiate of Vehumet.
             Slain by a vampire (12 damage)
             ... on level 7 of the Dungeon.
             The game lasted 00:04:41 (7943 turns).

kae the Arsonist (Tengu Fire Elementalist)          Turns: 7943, Time: 00:04:41

Health: -3/54      AC:  2    Str:  8    XL:     9   Next: 67%
Magic:  11/17      EV: 15    Int: 19    God:    Vehumet [......]
Gold:   960        SH:  0    Dex: 16    Spells: 5/18 levels left

rFire   + + .      SeeInvis +   h - staff of fire
rCold   + . .      Faith    .   (no shield)
rNeg    . . .      Spirit   .   a - +0 robe
rPois   .          Reflect  .   (helmet restricted)
rElec   .          Harm     .   g - scarf {rC+ rF+}
rCorr   .          Rampage  .   (no gloves)
Will    .....                   (boots unavailable)
Stlth   +.........              (no amulet)
HPRegen 0.18/turn               f - ring of see invisible
MPRegen 0.15/turn               (no ring)

@: confused, flying quickly and evasively, quick
A: beak, talons 3, nimble flight
a: Renounce Religion


You were on level 7 of the Dungeon.
You worshipped Vehumet.
Vehumet was noncommittal.
You visited 2 branches of the dungeon, and saw 8 of its levels.

You collected 960 gold pieces.

Inventory:

Armour
 a - a +0 robe (worn)
 b - a +0 cloak
 g - a scarf of resistance (worn)
Magical Staves
 h - a staff of fire (weapon)
Jewellery
 f - a ring of see invisible (left hand)
 j - a ring of ice
 o - an amulet of faith
Wands
 k - a wand of charming (10)
 x - a wand of acid (6)
 y - a wand of digging (5)
Scrolls
 i - 3 scrolls of teleportation
 s - a scroll of magic mapping
Potions
 c - 2 potions of curing
 d - a potion of lignification
 e - 2 potions of heal wounds {unknown}
 l - a potion of brilliance {unknown}
 m - 3 potions of attraction {unknown}
 n - 5 potions of might {unknown}
 p - 3 potions of degeneration {unknown}
 q - a potion of ambrosia {unknown}
 r - a potion of cancellation {unknown}
 t - a potion of magic
 u - a potion of haste {unknown}
 v - a potion of flight {unknown}


   Skills:
 + Level 5.0 Fighting
 - Level 2.1 Dodging
 - Level 2.0 Stealth
 + Level 5.1 Spellcasting
 + Level 6.9 Conjurations
 * Level 9.1 Fire Magic
 + Level 4.9 Evocations


You had 5 spell levels left.
You knew the following spells:

 Your Spells              Type           Power      Damage    Failure   Level
a - Foxfire               Conj/Fire      100%       2x1d9     1%          1
b - Scorch                Fire           100%       2d10      1%          2
c - Conjure Flame         Conj/Fire      52%        6-21      1%          3
d - Inner Flame           Hex/Fire       33%        N/A       5%          3
e - Flame Wave            Conj/Fire      52%        2d11      4%          4

Your spell library contained the following spells:

 Spells                   Type           Power      Damage    Failure   Level
 Ignite Poison            Fire/Tmut/Pois 24%        N/A       11%         3
 Animate Skeleton         Necr           8%         N/A       12%         1
 Apportation              Tloc           8%         N/A       12%         1
 Summon Small Mammal      Summ           16%        N/A       12%         1
 Mephitic Cloud           Conj/Pois/Air  13%        N/A       14%         3
 Freezing Cloud           Conj/Ice/Air   6%         6-21      78%         5
 Summon Forest            Summ/Tloc      2%         N/A       98%         5
 Summon Mana Viper        Hex/Summ       4%         N/A       98%         5
 Summon Cactus Giant      Summ           2%         N/A       100%        6


Dungeon Overview and Level Annotations

Branches:
Dungeon (7/15)             Temple (1/1) D:6

Altars:
Ashenzari
Cheibriados
Dithmenos
Elyvilon
Fedhas
Gozag
Kikubaaqudgha
Makhleb
Nemelex Xobeh
Okawaru
Qazlal
Ru
Sif Muna
Trog
Uskayaw
Vehumet
Wu Jian
Xom
Yredelemnul
Zin
The Shining One

Portals:
Abyss: D:6

Annotations:
D:5 2 transporters, NigelTetley's ghost, novice DrTm
D:6 2 transporters, NigelTetley's ghost, novice MiFi


Innate Abilities, Weirdness & Mutations

You have a beak for a mouth.
You have claws for feet.
Your magical nature lets you fly swiftly and evasively.


Message History

The vampire casts a spell at you.
You are confused.
Your Fighting skill increases to level 5!
Your Fire Magic skill increases to level 9!
You're too confused to cast spells.
Unknown command.
Your magical contamination has completely faded away.
You see here a steam dragon corpse.
You're too confused to move!
You bump into the rock wall.
You're too confused to move!
The vampire hits you! The vampire closely misses you.
You bump into the rock wall.
The vampire mumbles some strange words.
The vampire flickers and vanishes for a moment.
You're too confused to move!
You feel less confused. The vampire hits you. The vampire bites you.
The vampire draws strength from your injuries!
Okay, then.
Okay, then.
Aiming: Charm
Press: ? - help, Shift-Dir - straight line, f - vampire
Aim: a vampire (slightly transparent, chance to affect: 44%)
The vampire resists with some effort.
The vampire hits you!
* * * LOW HITPOINT WARNING * * *
The vampire bites you.
* * * LOW HITPOINT WARNING * * *
The vampire draws strength from your injuries!
Aiming: Charm
Press: ? - help, Shift-Dir - straight line, f/p - vampire
Aim: a vampire (slightly transparent, chance to affect: 44%)
The vampire resists with some effort.
The vampire points at you and mumbles some strange words.
You are confused.
You are too confused!
You hit the vampire but do no damage. Your kick misses the vampire.
Your peck misses the vampire. The vampire closely misses you.
The vampire bites you!
You die...

##. ... .. ###
....# .#.## ...
#V# #@########
#........#
########.#######
#<.......
#########


You could see a vampire (invisible).

Vanquished Creatures
  A two-headed ogre (D:5)
  6 yaks (D:6)
  A steam dragon (D:7)
  Edmund (D:4)
  2 black bears
  A sky beast (D:4)
  An ogre (D:6)
  A phantom (D:6)
  A necrophage (D:5)
  3 scorpions
  3 hounds
  2 jellies (D:5)
  Crazy Yiuf (D:5)
  A gnoll shaman (D:6)
  Jessica (D:2)
  An iguana (D:5)
  3 gnolls (D:6)
  5 adders
  2 dart slugs
  An orc (D:5)
  5 endoplasms
  3 giant cockroaches
  6 goblins
  5 hobgoblins
  11 jackals
  7 quokkas
  A ball python (D:1)
  3 bats (D:1)
  3 frilled lizards
  3 kobolds
  4 rats (D:2)
89 creatures vanquished.

Vanquished Creatures (others)
  224 foxfires
  A withered plant (D:1)
225 creatures vanquished.

Grand Total: 314 creatures vanquished

Notes
Turn   | Place    | Note
-------+----------+-------------------------------------------
     0 | D:1      | kae the Tengu Fire Elementalist began the quest for the
                  | Orb.
     0 | D:1      | Reached XP level 1. HP: 10/10 MP: 4/4
   393 | D:1      | Reached XP level 2. HP: 9/16 MP: 4/6
  1024 | D:1      | Found a faded altar of an unknown god.
  1278 | D:1      | Reached XP level 3. HP: 20/20 MP: 5/7
  1281 | D:1      | Learned a level 2 spell: Scorch
  1285 | D:1      | Learned a level 3 spell: Conjure Flame
  1395 | D:2      | Reached skill level 1 in Fighting
  1729 | D:2      | Noticed Jessica
  1829 | D:2      | Reached skill level 4 in Fire Magic
  2095 | D:2      | Killed Jessica
  2096 | D:2      | Reached XP level 4. HP: 9/25 MP: 0/8
  3545 | D:3      | Identified a scroll of acquirement
  3545 | D:3      | Acquired 790 gold pieces
  3641 | D:4      | Noticed a sky beast
  3659 | D:4      | Killed a sky beast
  3660 | D:4      | Reached skill level 1 in Evocations
  3660 | D:4      | Gained mutation: Your magical nature lets you fly swiftly
                  | and evasively. [Tengu growth]
  3660 | D:4      | Reached XP level 5. HP: 21/30 MP: 2/10
  3772 | D:4      | Noticed Edmund
  3829 | D:4      | Reached skill level 5 in Fire Magic
  3957 | D:4      | Killed Edmund
  3958 | D:4      | Reached XP level 6. HP: 35/35 MP: 0/11
  4635 | D:5      | Entered Level 5 of the Dungeon
  4816 | D:5      | Found a runed translucent door.
  4817 | D:5      | Noticed Crazy Yiuf
  4940 | D:5      | Reached XP level 7. HP: 40/40 MP: 6/12
  5180 | D:5      | Reached skill level 6 in Fire Magic
  5422 | D:5      | Noticed a two-headed ogre
  5442 | D:5      | Killed a two-headed ogre
  5443 | D:5      | Reached skill level 5 in Conjurations
  5443 | D:5      | Reached skill level 7 in Fire Magic
  5443 | D:5      | Reached XP level 8. HP: 48/48 MP: 11/15
  5513 | D:5      | Found a transporter.
  5519 | D:5      | Noticed NigelTetley's ghost (novice DrTm)
  5841 | D:5      | Found a transporter.
  6105 | D:5      | Killed Crazy Yiuf
  6371 | D:6      | Found a staircase to the Ecumenical Temple.
  6453 | D:6      | Reached XP level 9. HP: 52/52 MP: 11/16
  6454 | Temple   | Entered the Ecumenical Temple
  6768 | Temple   | Became a worshipper of Vehumet
  6929 | D:6      | Found a transporter.
  6929 | D:6      | Found a transporter.
  6993 | D:6      | Reached skill level 8 in Fire Magic
  7578 | D:6      | Noticed NigelTetley's ghost (novice MiFi)
  7586 | D:6      | Found a one-way gate to the infinite horrors of the Abyss.
  7611 | D:6      | Noticed a purple ugly thing
  7725 | D:6      | Reached skill level 5 in Spellcasting
  7915 | D:7      | Learned a level 3 spell: Inner Flame
  7920 | D:7      | Learned a level 4 spell: Flame Wave
  7934 | D:7      | Reached skill level 5 in Fighting
  7934 | D:7      | Reached skill level 9 in Fire Magic
  7943 | D:7      | Slain by a vampire

Illustrated notes

Levels and vault maps discovered:
D:1:      denvon_arrival_planthouse, layout_basic,
          ebering_ecumenical_altar_petrified, kennysheep_nondescript,
          minmay_misc_feat_encased
D:2:      layout_basic, uniq_jessica
D:3:      layout_loops_ring, ebering_dispersal_statue_hall
D:4:      layout_basic, uniq_edmund
D:5:      layout_basic, gammafunk_ghost_mausoleum, uniq_crazy_yiuf_cottage
D:6:      layout_loops_ring, minmay_temple_entry_tees,
          gammafunk_ghost_abyssal_escape
D:7:      layout_loops_ring, minmay_misc_feat_chi
Temple:   mainiacjoe_temple_circle_huts

Skill      XL: |  1  2  3  4  5  6  7  8  9 |
---------------+----------------------------+-----
Conjurations   | 2 3 5 6 |  6.9
Fighting       | 1 2 3 4 5 |  5.0
Fire Magic     | 4 5 7 9 |  9.1
Evocations     | 1 2 3 4 |  4.9
Spellcasting   | 3 4 5 |  5.1
Dodging        | |  2.1
Stealth        | |  2.0

Action                   |  1- 3 |  4- 6 |  7- 9 || total
-------------------------+-------+-------+-------++-------
Melee: Unarmed           |    10 |       |       ||    10
       Kick              |     2 |     5 |     5 ||    12
       Peck              |     2 |     2 |     6 ||    10
       Staff             |     2 |    12 |    13 ||    27
       Punch             |       |       |     1 ||     1
 Cast: Foxfire           |    67 |    39 |    36 ||   142
       Scorch            |     1 |    17 |    46 ||    64
       Conjure Flame     |       |     1 |     7 ||     8
Evoke: Wand              |       |     3 |     2 ||     5
  Use: Potion            |     1 |       |     1 ||     2
       Scroll            |       |     7 |     1 ||     8
Armor: Robe              |     3 |     3 |     4 ||    10
       Skin              |    22 |       |       ||    22
Dodge: Dodged            |    19 |    13 |    19 ||    51

Table legend: (Time is in decaauts)
 A = Elapsed time spent in this place.
 B = Non-inter-level travel time spent in this place.
 C = Inter-level travel time spent in this place.
 D = Time resting spent in this place.
 E = Time spent auto-exploring this place.
 F = Levels seen in this place.
 G = Mean time per level.
                   A        B        C        D        E       F      G
               +--------+--------+--------+--------+--------+-----+--------+
         Total |   7690 |   7453 |    237 |    347 |   6262 |   8 |  961.2 |
       Dungeon |   7393 |   7169 |    224 |    347 |   6000 |   7 | 1056.1 |
        Temple |    297 |    284 |     13 |      0 |    261 |   1 |  297.0 |
               +--------+--------+--------+--------+--------+-----+--------+

Top non-repeatable levels by time:
     D:5: 1458 daAuts
     D:2: 1436 daAuts
     D:1: 1336 daAuts
     D:6: 1321 daAuts
     D:4: 1010 daAuts
     D:3: 797 daAuts
  Temple: 297 daAuts
     D:7: 31 daAuts
